[Event "*** Titled Tuesday Blitz"]
[Site "Chess.com"]
[Date "2020.11.24"]
[Round "2"]
[White "Andreikka"]
[Black "LiderChessAcademy"]
[Result "1/2-1/2"]
[WhiteElo "2892"]
[BlackElo "2550"]
[TimeControl "180+1"]
[EndTime "10:36:28 PST"]
[Termination "Game drawn by agreement"]

1. d4 Nf6 2. c4 g6 3. Nc3 d5 4.
cxd5 Nxd5 5. e4 Nxc3 6. bxc3 Bg7 7. Nf3 c5 8. Rb1 O-O 9. Be2 cxd4 10. cxd4 Qa5+ 11. Bd2 Qxa2 12. O-O Bg4 13. Bg5 h6 14. Bh4 g5 15. Bg3 Nd7 16. Rxb7 Rad8 17. Bc7 Nc5 18. Bxd8 Nxb7 19. Bc7 Rc8 20. Be5 Nd6 21. Bxg7 Kxg7 22. h3 Bh5 23. Bd3 Rc3 24. e5 Nc4 25. Be4 Bxf3 26.
Bxf3 Nd2 27. Bd5 Qxd5 28. Qxd2 Rc4 29. Rd1 a5 30. e6 Qxe6 31. Qxa5 Qf6 32. d5 Rc2 33.
Qa7 Qe5 34. g3 h5 35. Rf1 Re2 36. Qc5 h4 37. g4 Re4 38. Qc1 Rf4 39. Rd1 Qf6 40.
Rd2 Rf3 41. Kg2 Rf4 42. Qd1 Qe5 43. Qe2 Qxe2 44. Rxe2 Kf6 45. Rd2 Ke5 46. Re2+ Kd6 47. Rd2 Rc4 48. Rd3 f6 49. Re3 Rc5 50. Re6+ Kd7 51.
Ra6 Rxd5 52. Ra8 Ke6 53. Ra6+ Rd6 54. Ra4 Kf7 55. Ra2 Ke6 56. Ra3 Kd7 57. Ra2 Rd5 58. Rb2 Kd6 59. Rc2 e6 60. Ra2 Ke5 61. Re2+ Kd6 62.
Ra2 f5 63. Ra6+ Ke5 64. gxf5 exf5 65. Ra4 Rd4 66. Ra8 Kf4 67. Rh8 Re4 68. Rh7 Ke5 69. Rh8 Kf6 70. Rh6+ Kg7 71. Ra6 Kf7 72. Rb6 Re6 73.
Rb8 Kf6 74. Rh8 Ke5 75. Rh7 Rg6 76. Rh8 Kf4 77. Rh7 Ke5 78. Rh8 Kf6 79. Rh7 Rg7 80. Rh8 Kg6 81. Ra8 g4 82. hxg4 fxg4 83. Ra5 Rf7 84. Rc5 Rf5 85. Rc8 Kg5 86. Rg8+ Kf4 87. Ra8 h3+ 88. Kg1 Re5 89. Ra4+ Re4 90. Ra1 Kf3 91.
Ra3+ Kf4 92. Ra1 Re2 93. Rb1 Kg5 94. Ra1 Kh4 95. Rb1 h2+ 96. Kxh2 Rxf2+ 97. Kg1 Ra2 98. Rc1 Kh3 99. Rb1 Re2 100. Ra1 Rg2+ 101. Kh1 Re2 102. Rb1 g3 103. Kg1 Rd2 104. Ra1 1/2-1/2

[Event "*** Titled Tuesday Blitz"]
[Site "Chess.com"]
[Date "2020.11.24"]
[Round "2"]
[White "26andrej26"]
[Black "GM_dmitrij"]
[Result "0-1"]
[WhiteElo "2529"]
[BlackElo "2884"]
[TimeControl "180+1"]
[EndTime "10:37:17 PST"]
[Termination "GM_dmitrij won by checkmate"]

1. e4 c6 2. Nc3 d5 3. d4 dxe4 4. Nxe4 Nf6 5. Nxf6+ exf6 6. c3 Bd6 7. Bd3 O-O 8. Qc2 h5 9. Be3 Re8 10. h3 Be6 11. Ne2 Nd7 12. O-O b5 13. Nf4 Nf8 14. Nxh5 Bc7 15. Rfe1 Bd5 16. Bf4 Bb6 17. Ng3 Ne6 18. Bd2 Bc7 19. Be4 c5 20. Bxd5 Qxd5 21. dxc5 Nxc5 22. Be3 Bxg3 23. Rad1 Qxa2 24. Bxc5 Be5 25.
Bd4 Bxd4 26. Rxe8+ Rxe8 27. Rxd4 a5 28. Rh4 g6 29. Rg4 Kg7 30. h4 Qd5 31. Rd4 Re1+ 32. Kh2 Qe5+ 33. g3 Re2 34. Rd2 Re4 35. Qd3 Rxh4+ 36.
Kg2 Re4 37. Qd6 Qxd6 38. Rxd6 Re2 39. Ra6 a4 40. c4 bxc4 41. Rxa4 Rc2 42. Rb4 f5 43. b3 Rb2 44. Rxc4 Rxb3 45. Rc6 Rd3 46. Ra6 Rd7 47. Rb6 Re7 48. Ra6 Re6 49. Ra7 Kf6 50. Kf3 Rd6 51. Rb7 Ke6 52. Ra7 Rd7 53. Ra6+ Ke5 54.
Ra5+ Kf6 55. Ra6+ Kg5 56. Rb6 Rd3+ 57. Ke2 Rd5 58. Rb7 Kf6 59. Ra7 Rd4 60. Ke3 Rb4 61. Ra6+ Kg5 62. Ra7 Kf6 63. Ra6+ Kg7 64. Ra7 Re4+ 65.
Kf3 Kf6 66. Ra6+ Re6 67. Ra7 Re7 68. Ra6+ Kg5 69. Rb6 Rc7 70. Ra6 Rb7 71. Rc6 f6 72. Ra6 Rb4 73. Rc6 f4 74. gxf4+ Rxf4+ 75. Kg3 Rb4 76. Rc5+ f5 77. Ra5 Rb3+ 78. f3 Rb1 79.
Rc5 Rg1+ 80. Kf2 Ra1 81. Kg3 Ra6 82. Rb5 Kf6 83. Rc5 Rb6 84. Ra5 Rc6 85. Rb5 Ra6 86. Kf4 Ra4+ 87. Kg3 Kg5 88. Rc5 Ra2 89. Rb5 Kh5 90.
Rc5 Ra6 91. Rb5 Rc6 92. Kf4 Rc4+ 93. Kg3 Kg5 94. Ra5 Rd4 95. Rb5 Rd6 96. Ra5 Re6 97.
Rb5 Kf6 98. Kf4 Re1 99. Rb6+ Kg7 100. Kg5 Rg1+ 101. Kf4 Kh6 102. Ra6 Rg2 103. Rb6 Kh5 104. Ra6 Rg1 105. Rb6 Rc1 106. Ra6 Rc5 107. Rb6 g5+ 108. Kg3 Rc2 109. Rb5 Kg6 110. Rb6+ Kh7 111. Rb5 Kg6 112. Rb6+ Kh5 113. Rb5 f4+ 114. Kh3 Rc3 115. Kg2 Kh4 116. Rb2 Rd3 117. Ra2 Re3 118. Rb2 Ra3 119. Rc2 Rb3 120. Rd2 Rc3 121. Rb2 g4 122. fxg4 Kxg4 123. Ra2 Rg3+ 124. Kf2 Rh3 125. Kg2 f3+ 126. Kg1 Kg3 127. Ra3 Rh5 128. Rc3 Rd5 129. Rc1 Rd2 130. Rc3 Rd1# 0-1

[Event "*** Titled Tuesday Blitz"]
[Site "Chess.com"]
[Date "2020.11.24"]
[Round "3"]
[White "Bulldog167"]
[Black "Aradej"]
[Result "1-0"]
[WhiteElo "2639"]
[BlackElo "2422"]
[TimeControl "180+1"]
[EndTime "10:39:16 PST"]
[Termination "Bulldog167 won by resignation"]

1. d4 g6 2. e4 Bg7 3. c4 d6 4. Nc3 Nd7 5. Be3 e5 6. d5 Ne7 7. g4 h5 8. g5 f5 9. gxf6 Nxf6 10. h3 c6 11. Nf3 a6 12. Rg1 b5 13. dxc6 b4 14. Nd5 Nxe4 15. Bb6 1-0

[Event "*** Titled Tuesday Blitz"]
[Site "Chess.com"]
[Date "2020.11.24"]
[Round "3"]
[White "Godzillator"]
[Black "Leonid_Starozhilov"]
[Result "0-1"]
[WhiteElo "2393"]
[BlackElo "2665"]
[TimeControl "180+1"]
[EndTime "10:39:28 PST"]
[Termination "Leonid_Starozhilov won by resignation"]

1. d4 Nf6 2. c4 g6 3. Nc3 Bg7 4. e4 d6 5. Be2 O-O 6. Bg5 Nc6 7. d5 Ne5 8. Nf3 Nxf3+ 9. Bxf3 c6 10. Qd2 Bd7 11. O-O Rc8 12. Rfe1 cxd5 13. cxd5 b5 14.
a3 a5 15. h3 Qb6 16. Be3 Qb8 17. Bd4 Rc4 18. Be2 Nxe4 19. Qe3 Bxd4 20. Qxe4 Bxf2+ 0-1

[Event "*** Titled Tuesday Blitz"]
[Site "Chess.com"]
[Date "2020.11.24"]
[Round "3"]
[White "Kouzari"]
[Black "gumimis"]
[Result "0-1"]
[WhiteElo "2541"]
[BlackElo "2286"]
[TimeControl "180+1"]
[EndTime "10:39:28 PST"]
[Termination "gumimis won by resignation"]

1. e4 c5 2. Nf3 d6 3. d4 cxd4 4. Nxd4 Nf6 5. Nc3 a6 6. Be3 e5 7. Nb3 Be6 8. f3 Be7 9. Qd2 O-O 10. O-O-O a5 11. Kb1 a4 12. Nc1 a3 13. b3 Ra5 14. g4 d5 15. exd5 Nxd5 16. Be2 Bb4 17. Bb6 Qxb6 0-1

[Event "*** Titled Tuesday Blitz"]
[Site "Chess.com"]
[Date "2020.11.24"]
[Round "3"]
[White "Supernotar"]
[Black "ShapkinAnatoliy"]
[Result "1/2-1/2"]
[WhiteElo "2863"]
[BlackElo "2654"]
[TimeControl "180+1"]
[EndTime "10:39:47 PST"]
[Termination "Game drawn by agreement"]

1. d4 Nf6 2. c4 g6 3. Nc3 d5 4. cxd5 Nxd5 5. e4 Nxc3 6. bxc3 Bg7 7. Nf3 c5 8. Be3 Qa5 9. Qd2 O-O 10. Rc1 Rd8 11.
d5 e6 12. Bg5 f6 13. Be3 exd5 14. exd5 Nc6 15. Bd3 c4 16. Bxc4 Be6 17. O-O Bxd5 18. Bxd5+ Qxd5 19. Qxd5+ Rxd5 20. Nd4 Rc8 21. Nxc6 Rxc6 22.
Bxa7 1/2-1/2

[Event "*** Titled Tuesday Blitz"]
[Site "Chess.com"]
[Date "2020.11.24"]
[Round "3"]
[White "Infernal_XaM"]
[Black "LikeWater"]
[Result "1-0"]
[WhiteElo "2834"]
[BlackElo "2610"]
[TimeControl "180+1"]
[EndTime "10:39:49 PST"]
[Termination "Infernal_XaM won by resignation"]

1. d4 Nf6 2. c4 c5 3. d5 g6 4. Nc3 Bg7 5. e4 O-O 6. Bd3 e6 7. Nge2 d6 8. O-O Re8 9. Ng3 exd5 10. exd5 Ng4 11. h3 Ne5 12. Be2 Qh4 13. Nge4 Nxc4 14. Bg5 Rxe4 15. Bxh4 Rxh4 16. Bxc4 Rxc4 17. Qe2 1-0

[Event "*** Titled Tuesday Blitz"]
[Site "Chess.com"]
[Date "2020.11.24"]
[Round "3"]
[White "AniJak"]
[Black "FearNoEvil12"]
[Result "0-1"]
[WhiteElo "2347"]
[BlackElo "2158"]
[TimeControl "180+1"]
[EndTime "10:39:59 PST"]
[Termination "FearNoEvil12 won by checkmate"]

1. e4 a6 2. d4 b5 3. a4 b4 4.
a5 Bb7 5. f3 e6 6. Bd3 c5 7.
Ne2 Nc6 8. Be3 cxd4 9. Nxd4 Nxd4 10. Bxd4 Nf6 11. O-O Qc7 12. Kh1 h5 13. Nd2 h4 14.
Nc4 Bc5 15. Bxc5 Qxc5 16. Be2 Nh5 17. Nd6+ Ke7 18. Nxb7 Ng3+ 19. hxg3 hxg3# 0-1

[Event "*** Titled Tuesday Blitz"]
[Site "Chess.com"]
[Date "2020.11.24"]
[Round "3"]
[White "Michaelson_11"]
[Black "Eternauta2400"]
[Result "1-0"]
[WhiteElo "2147"]
[BlackElo "2446"]
[TimeControl "180+1"]
[EndTime "10:40:05 PST"]
[Termination "Michaelson_11 won by resignation"]

1. e4 c5 2. Nf3 Nc6 3. d4 cxd4 4. Nxd4 Nf6 5. Nc3 e5 6. Ndb5 h6 7. Nd6+ Bxd6 8. Qxd6 Qe7 9. Qd1 d6 10. Bd3 Be6 11.
O-O O-O 12. f4 exf4 13. Bxf4 Ng4 14. Qd2 Nge5 15. Rae1 f6 16. Nd5 Bxd5 17. exd5 Nd8 18. Qe3 Qf7 19. Bxe5 dxe5 20. Qe4 g5 21. Rxf6 Qg7 22.
Rg6 1-0

[Event "*** Titled Tuesday Blitz"]
[Site "Chess.com"]
[Date "2020.11.24"]
[Round "3"]
[White "SameerMujumdar"]
[Black "ChessicallyInclined"]
[Result "0-1"]
[WhiteElo "2297"]
[BlackElo "2519"]
[TimeControl "180+1"]
[EndTime "10:40:17 PST"]
[Termination "ChessicallyInclined won by resignation"]

1. e4 d6 2. d4 Nf6 3. Nc3 g6 4.
Be3 c6 5. Qd2 Nbd7 6. O-O-O Qa5 7. Kb1 b5 8. f3 b4 9. Nce2 Nb6 10. a3 Nc4 11. Qc1 bxa3 12. b3 Nxe3 13. Qxe3 Bg7 14. Nc1 O-O 15. Bd3 Qc3 0-1

[Event "*** Titled Tuesday Blitz"]
[Site "Chess.com"]
[Date "2020.11.24"]
[Round "3"]
[White "BilodeauA"]
[Black "SamuelGhimpu2003"]
[Result "0-1"]
[WhiteElo "2831"]
[BlackElo "2632"]
[TimeControl "180+1"]
[EndTime "10:40:21 PST"]
[Termination "SamuelGhimpu2003 won by resignation"]

1. d4 Nf6 2. Nc3 e6 3. e4 d5 4. e5 Nfd7 5. f4 c5 6. Nf3 Nc6 7. Be3 Be7 8. Qd2 O-O 9. dxc5 Qa5 10. O-O-O b6 11. cxb6 axb6 12. Nd4 Bb7 13. h4 Rfc8 14. Rh3 Nb4 15. Nb3 Nxa2+ 16. Nxa2 Qxa2 17. Qd3 Ba6 18. Qd2 Bxf1 19. Rxf1 Qxb3 20. Kd1 Ra1+ 0-1

[Event "*** Titled Tuesday Blitz"]
[Site "Chess.com"]
[Date "2020.11.24"]
[Round "3"]
[White "AungTZ"]
[Black "skoularikii"]
[Result "0-1"]
[WhiteElo "2118"]
[BlackElo "2477"]
[TimeControl "180+1"]
[EndTime "10:40:21 PST"]
[Termination "skoularikii won by resignation"]

1. e4 e5 2. Nf3 Nc6 3. d4 exd4 4. Nxd4 Bc5 5. Nb3 Bb6 6. a4 a5 7. Be2 Nge7 8. O-O O-O 9. Nc3 h6 10. Kh1 Nb4 11. f4 d5 12. e5 Bf5 13. Bd3 Nxd3 14.
cxd3 d4 15. Ne4 Qd5 16. Ng3 c5 17. Qe2 Qxb3 0-1

[Event "*** Titled Tuesday Blitz"]
[Site "Chess.com"]
[Date "2020.11.24"]
[Round "3"]
[White "zaur-mammadov"]
[Black "woodhy"]
[Result "1-0"]
[WhiteElo "2657"]
[BlackElo "2426"]
[TimeControl "180+1"]
[EndTime "10:40:26 PST"]
[Termination "zaur-mammadov won by resignation"]

1. e4 e6 2. d4 d5 3. e5 c5 4. c3 Nc6 5. Nf3 Qb6 6. Na3 Nge7 7.
Nc2 Nf5 8. Bd3 cxd4 9. cxd4 Be7 10. O-O Bd7 11. g4 Nfxd4 12. Nfxd4 Nxd4 13. Be3 Bc5 14. b4 Bxb4 15. Bxd4 Bc5 16. Rb1 Qc7 17. Bxc5 Qxc5 18. Rxb7 Bc6 19. Rb1 d4 20. Rc1 Qxe5 21. Re1 Qf4 22.
Nxd4 Bd5 23. Qa4+ 1-0

[Event "*** Titled Tuesday Blitz"]
[Site "Chess.com"]
[Date "2020.11.24"]
[Round "3"]
[White "Fusikk"]
[Black "kasparicy"]
[Result "0-1"]
[WhiteElo "2517"]
[BlackElo "2376"]
[TimeControl "180+1"]
[EndTime "10:40:28 PST"]
[Termination "kasparicy won by resignation"]

1. d4 Nf6 2. c4 g6 3. Nc3 d5 4. Bf4 Bg7 5. e3 O-O 6. Rc1 c5 7. cxd5 cxd4 8. Qxd4 Qa5 9. Nf3 Nxd5 10. Be5 Nxc3 11.
Bxg7 Nb5+ 12. b4 Nxd4 13. bxa5 Nxf3+ 14. gxf3 Kxg7 15. Bg2 Bd7 0-1

[Event "*** Titled Tuesday Blitz"]
[Site "Chess.com"]
[Date "2020.11.24"]
[Round "3"]
[White "Mambastik-Fantastic"]
[Black "enriquebutti"]
[Result "1-0"]
[WhiteElo "2300"]
[BlackElo "1954"]
[TimeControl "180+1"]
[EndTime "10:40:32 PST"]
[Termination "Mambastik-Fantastic won by resignation"]

1. e4 c5 2. Nf3 d6 3. d4 cxd4 4. Nxd4 Nf6 5. Nc3 a6 6. Be3 e6 7. f3 b5 8. Qd2 Bb7 9. O-O-O Nbd7 10. g4 Ne5 11. g5 Nfd7 12. Kb1 Rc8 13. Qe1 Nc4 14. Bc1 Qc7 15. h4 Be7 16. h5 b4 17.
Na4 O-O 18. g6 Nde5 19. gxf7+ Kxf7 20. Bh3 1-0

[Event "*** Titled Tuesday Blitz"]
[Site "Chess.com"]
[Date "2020.11.24"]
[Round "3"]
[White "Skat2704"]
[Black "picturesquecheck"]
[Result "1-0"]
[WhiteElo "2390"]
[BlackElo "2118"]
[TimeControl "180+1"]
[EndTime "10:40:40 PST"]
[Termination "Skat2704 won by checkmate"]

1. d4 Nf6 2. c4 e6 3. g3 d5 4.
Nf3 Bb4+ 5. Bd2 Be7 6. Bg2 O-O 7. O-O c6 8. Qc2 b6 9. Bf4 Bb7 10.
Nbd2 Nbd7 11. e4 dxe4 12. Nxe4 Nxe4 13. Qxe4 Nf6 14. Qe2 Rc8 15. Rfd1 Qe8 16. Ne5 Ba8 17. Rac1 Nd7 18. c5 Nxe5 19. Bxe5 Bb7 20. b4 h6 21. Qg4 g6 22. h4 h5 23. Qe2 Qd7 24. Qe3 Rfd8 25.
Qh6 Bf8 26. Qh8# 1-0

[Event "*** Titled Tuesday Blitz"]
[Site "Chess.com"]
[Date "2020.11.24"]
[Round "3"]
[White "Chernov_Mikhail"]
[Black "Khnykin_Nikolay"]
[Result "1-0"]
[WhiteElo "2330"]
[BlackElo "2066"]
[TimeControl "180+1"]
[EndTime "10:40:43 PST"]
[Termination "Chernov_Mikhail won by resignation"]

1. e4 e6 2. d4 d5 3. c4 dxe4 4.
Nc3 Nf6 5. f3 Bb4 6. Be3 O-O 7.
Qc2 Nc6 8. O-O-O exf3 9. Nxf3 Bxc3 10. bxc3 Qe7 11. Bd3 b6 12. Bg5 Bb7 13. Bxh7+ Kh8 14. Bd3 Na5 15. Ne5 Bxg2 16. Qxg2 Qa3+ 17. Kb1 Qxc3 18. Qh3+ Kg8 19. Bh7+ Nxh7 20. Qxc3 Nxg5 21. Rhg1 Ne4 22. Qe3 Nxc4 1-0

[Event "*** Titled Tuesday Blitz"]
[Site "Chess.com"]
[Date "2020.11.24"]
[Round "3"]
[White "nicolevalladar"]
[Black "Kretov_Evgenij"]
[Result "1/2-1/2"]
[WhiteElo "1586"]
[BlackElo "2448"]
[TimeControl "180+1"]
[EndTime "10:41:04 PST"]
[Termination "Game drawn by repetition"]

1. e4 c5 2. Nc3 Nc6 3. d3 g6 4. g3 Bg7 5. Bg2 d6 6. Be3 e5 7. Qd2 Nge7 8. Bh6 O-O 9. h4 f6 10. h5 g5 11. Bxg7 Kxg7 12. Nf3 h6 13. O-O-O Be6 14.
Ng1 Rb8 15. f4 b5 16. fxg5 fxg5 17. Nh3 Nd4 18. Nxg5 hxg5 19. Qxg5+ Kh7 20. Rdf1 b4 21. Nd5 Nxd5 22. Qg6+ Kh8 23. Qh6+ Kg8 24. Qg6+ Kh8 25. Qh6+ Kg8 26. Qg6+ Kh8 1/2-1/2

[Event "*** Titled Tuesday Blitz"]
[Site "Chess.com"]
[Date "2020.11.24"]
[Round "3"]
[White "rasmussvane"]
[Black "Jungle_Jaguar"]
[Result "0-1"]
[WhiteElo "2880"]
[BlackElo "2612"]
[TimeControl "180+1"]
[EndTime "10:41:07 PST"]
[Termination "Jungle_Jaguar won by resignation"]

1. Nf3 Nf6 2. g3 g6 3. Bg2 Bg7 4. O-O O-O 5. d4 d6 6. Re1 Nc6 7. d5 Na5 8. e4 c5 9. h3 b5 10. c3 Nc4 11. b3 Nb6 12. a4 bxa4 13. bxa4 Ba6 14. a5 Nc4 15. Bf1 Qc8 16. Qa4 Ne5 17.
Nxe5 Bxf1 18. Nc6 Qxh3 19. Rxf1 Ng4 0-1

[Event "*** Titled Tuesday Blitz"]
[Site "Chess.com"]
[Date "2020.11.24"]
[Round "3"]
[White "Kopytkin"]
[Black "beto-betun"]
[Result "1-0"]
[WhiteElo "2432"]
[BlackElo "2193"]
[TimeControl "180+1"]
[EndTime "10:41:12 PST"]
[Termination "Kopytkin won by resignation"]

1. e4 c5 2. d4 cxd4 3. c3 dxc3 4. Nxc3 e6 5. Nf3 a6 6. Bc4 Nc6 7. e5 d5 8. Bd3 Nge7 9. O-O g6 10. Bg5 Bg7 11.
Re1 h6 12. Bf6 Bxf6 13. exf6 Nf5 14. Bxf5 gxf5 15. Nxd5 Kf8 16. Ne7 Qb6 17. Qd6 Qxb2 18. Nxc6+ Kg8 19. Ne7+ Kh7 20. Ne5 1-0

[Event "*** Titled Tuesday Blitz"]
[Site "Chess.com"]
[Date "2020.11.24"]
[Round "3"]
[White "Dedic8"]
[Black "Savagelittlemole"]
[Result "1-0"]
[WhiteElo "2799"]
[BlackElo "2586"]
[TimeControl "180+1"]
[EndTime "10:41:19 PST"]
[Termination "Dedic8 won by resignation"]

1. e4 c5 2. Nf3 d6 3. d4 cxd4 4. Nxd4 Nf6 5. Nc3 a6 6. Bg5 Nbd7 7. Bc4 h6 8. Bxf6 Nxf6 9. Qe2 e6 10.
f4 Be7 11. O-O-O Qc7 12. e5 dxe5 13. fxe5 Nd7 14. Bxe6 Nxe5 15. Nd5 Bg5+ 16. Kb1 Qd6 17. Nf5 Qxe6 18. Nxg7+ Kf8 19. Nxe6+ fxe6 20. Qxe5 1-0

[Event "*** Titled Tuesday Blitz"]
[Site "Chess.com"]
[Date "2020.11.24"]
[Round "3"]
[White "Ariadna_Atreides"]
[Black "PowerThinking2650"]
[Result "0-1"]
[WhiteElo "2112"]
[BlackElo "2349"]
[TimeControl "180+1"]
[EndTime "10:41:25 PST"]
[Termination "PowerThinking2650 won by resignation"]

1. d4 Nf6 2. Nf3 g6 3. c4 Bg7 4.
Nc3 d6 5. e4 O-O 6. Be2 e5 7.
d5 a5 8. Bg5 h6 9. Bh4 Na6 10. Nd2 Qe8 11. O-O Nh7 12. f3 h5 13.
Bf2 Bh6 14. Nb5 Qe7 15. a3 Bd7 16. Rb1 Bf4 17. b4 axb4 18. axb4 h4 19. c5 Qg5 20. Rb2 Bh3 21. g4 hxg3 22. hxg3 Bxg3 23. Kh1 Bxf1 24. Qxf1 Qh4+ 0-1

[Event "*** Titled Tuesday Blitz"]
[Site "Chess.com"]
[Date "2020.11.24"]
[Round "3"]
[White "MokshanovAlexey"]
[Black "ajdemipopushi"]
[Result "0-1"]
[WhiteElo "2609"]
[BlackElo "2438"]
[TimeControl "180+1"]
[EndTime "10:41:30 PST"]
[Termination "ajdemipopushi won by resignation"]

1. e4 c5 2. Nf3 g6 3. c3 d5 4. e5 Nc6 5. d4 Bg4 6. Nbd2 cxd4 7. cxd4 Qb6 8. h3 Bxf3 9. Nxf3 e6 10. Be2 Bb4+ 11.
Kf1 h5 12. g3 Bf8 13. Kg2 Bh6 14. Qb3 Qxb3 15. axb3 a6 16. g4 Bxc1 17. Rhxc1 Nge7 18.
Ra4 Kd7 19. Ng5 b5 20. Ra3 Nxd4 21. Nxf7 Nxe2 22. Nxh8 Nxc1 0-1

[Event "*** Titled Tuesday Blitz"]
[Site "Chess.com"]
[Date "2020.11.24"]
[Round "3"]
[White "XDPS"]
[Black "Susal_De_Silva"]
[Result "0-1"]
[WhiteElo "2702"]
[BlackElo "2536"]
[TimeControl "180+1"]
[EndTime "10:41:37 PST"]
[Termination "Susal_De_Silva won by resignation"]

1. e4 e5 2. Nf3 Nc6 3. Bc4 Nf6 4. Ng5 d5 5. exd5 Na5 6. Bb5+ c6 7. dxc6 bxc6 8. Bd3 Ng4 9. Ne4 f5 10. Be2 h5 11. h3 fxe4 12. hxg4 Bc5 13. d3 O-O 14. Be3 Bxe3 15. fxe3 Qf6 16. gxh5 Qf2+ 17. Kd2 Nc4+ 18. dxc4 Rd8+ 19. Kc1 Rxd1+ 20. Bxd1 Qxe3+ 21. Nd2 Bf5 22. g4 Rd8 23. Rh2 Qf4 24. Rg2 e3 25. gxf5 exd2+ 26. Kb1 Qf1 0-1

[Event "*** Titled Tuesday Blitz"]
[Site "Chess.com"]
[Date "2020.11.24"]
[Round "3"]
[White "SpasKozhuharov"]
[Black "Shield12"]
[Result "0-1"]
[WhiteElo "2680"]
[BlackElo "2919"]
[TimeControl "180+1"]
[EndTime "10:42:00 PST"]
[Termination "Shield12 won by resignation"]

1. d4 Nf6 2. c4 e6 3. a3 c5 4. Nf3 cxd4 5. Nxd4 Qc7 6. e3 a6 7.
Nc3 Be7 8. Be2 O-O 9. O-O b6 10. b4 Bb7 11. Bb2 d6 12. Rc1 Nbd7 13. Bf3 Rac8 14.
e4 Ne5 15. Re1 Nxc4 16. Ba1 Qb8 17. g3 Rfd8 18. Qb3 Ne5 19. Rcd1 Nxf3+ 20. Nxf3 Qa8 21.
Nd4 b5 22. f3 Bf8 23. a4 bxa4 24. Nxa4 Qb8 25. Rd2 Ba8 26. Red1 d5 27. exd5 Bxd5 0-1

[Event "*** Titled Tuesday Blitz"]
[Site "Chess.com"]
[Date "2020.11.24"]
[Round "3"]
[White "kinga2008"]
[Black "Triumphmate"]
[Result "0-1"]
[WhiteElo "2183"]
[BlackElo "2428"]
[TimeControl "180+1"]
[EndTime "10:42:01 PST"]
[Termination "Triumphmate won by resignation"]

1. e4 d5 2. exd5 Nf6 3. Nc3 Bg4 4. Be2 Bxe2 5. Ngxe2 c6 6. O-O cxd5 7. d4 e6 8. Bg5 Bd6 9. f4 h6 10. Bh4 Nc6 11.
f5 O-O 12. fxe6 fxe6 13. Nf4 Bxf4 14. Rxf4 g5 15. Rg4 Nxg4 16. Qxg4 Qf6 17. Ne2 Kh8 18. Bg3 Rf7 19. h4 Rg8 20. hxg5 Rxg5 21. Qh3 Qg7 22. Nf4 Rxg3 0-1

[Event "*** Titled Tuesday Blitz"]
[Site "Chess.com"]
[Date "2020.11.24"]
[Round "3"]
[White "wisdomboy"]
[Black "SchieberSpieler"]
[Result "1-0"]
[WhiteElo "2160"]
[BlackElo "2339"]
[TimeControl "180+1"]
[EndTime "10:42:01 PST"]
[Termination "wisdomboy won by resignation"]

1. d4 d5 2. c4 e6 3. Nc3 Nf6 4. Bg5 Be7 5. e3 h6 6. Bh4 O-O 7. Nf3 Ne4 8. Bxe7 Qxe7 9. cxd5 Nxc3 10. bxc3 exd5 11. Bd3 c5 12. O-O Nc6 13. Qc2 Bg4 14.
Bf5 Bxf5 15. Qxf5 Rfd8 16. Rab1 b6 17. Rfd1 Rac8 18. Rdc1 Rc7 19. Rb5 Na5 20. Ne5 f6 21. Ng6 Qe8 22. Rbb1 Qf7 23. Nf4 Re7 24. dxc5 bxc5 25.
Rb5 Rc7 26. Rd1 Nc4 27. Rxd5 Rxd5 28. Rb8+ 1-0

[Event "*** Titled Tuesday Blitz"]
[Site "Chess.com"]
[Date "2020.11.24"]
[Round "3"]
[White "mapleaff"]
[Black "kingnb"]
[Result "0-1"]
[WhiteElo "2416"]
[BlackElo "2609"]
[TimeControl "180+1"]
[EndTime "10:42:08 PST"]
[Termination "kingnb won by resignation"]

1. d4 d6 2. Nf3 Bg4 3. g3 Nd7 4. Bg2 c6 5. O-O Ngf6 6. c4 e6 7.
Nc3 Be7 8. e4 O-O 9. h3 Bh5 10.
Be3 c5 11. d5 Ne5 12. b3 Nxf3+ 13. Bxf3 Bxf3 14. Qxf3 Nd7 15. dxe6 fxe6 16. Qg4 Rf6 17.
f4 Rg6 18. Qf3 Bf6 19. Rac1 Bxc3 20. Rxc3 Qe7 21. Rd3 Rf8 22. Qf2 Nf6 23. e5 Ne4 24. exd6 Qh4 25. Kh2 Rxg3 0-1

[Event "*** Titled Tuesday Blitz"]
[Site "Chess.com"]
[Date "2020.11.24"]
[Round "3"]
[White "elohunter1999"]
[Black "margarita_2703"]
[Result "1-0"]
[WhiteElo "2580"]
[BlackElo "2405"]
[TimeControl "180+1"]
[EndTime "10:42:11 PST"]
[Termination "elohunter1999 won by resignation"]

1. d4 d5 2. c4 c6 3. Nf3 Nf6 4. Nc3 e6 5. Bg5 h6 6. Bh4 dxc4 7. e4 b5 8. e5 g5 9. Nxg5 hxg5 10. Bxg5 Nbd7 11. g3 Bb7 12. Bg2 Be7 13. exf6 Bxf6 14.
Bxf6 Qxf6 15. Nxb5 cxb5 16. Bxb7 Rb8 17. Bg2 Nb6 18. O-O Ke7 19. Qd2 Rbd8 20. Qb4+ Rd6 21. Qxb5 Rxd4 22. Qc5+ Rd6 23. Rad1 Rd8 24. Rxd6 Rxd6 25.
Rd1 Nd5 26. Bxd5 exd5 27. Rxd5 c3 28. bxc3 Qe6 29. Qxd6+ Qxd6 30. Rxd6 1-0

[Event "*** Titled Tuesday Blitz"]
[Site "Chess.com"]
[Date "2020.11.24"]
[Round "3"]
[White "CzechmVIII"]
[Black "anon481216"]
[Result "0-1"]
[WhiteElo "2140"]
[BlackElo "2397"]
[TimeControl "180+1"]
[EndTime "10:42:12 PST"]
[Termination "anon481216 won by resignation"]

1. e4 c5 2. Nf3 Nf6 3. Nc3 d5 4. exd5 Nxd5 5. Bb5+ Bd7 6. Qe2 Nb4 7. Bxd7+ Nxd7 8. d3 e6 9. O-O Be7 10. Ne4 O-O 11. Bf4 Nf6 12. a3 Nc6 13. Rad1 Nd5 14.
Bd2 b6 15. Rfe1 Qc7 16. h3 Rad8 17. Nc3 Nf4 18. Bxf4 Qxf4 19. Qe4 Qxe4 20. dxe4 Bf6 21. e5 Rxd1 22. Nxd1 Be7 23. Ne3 Rd8 24. Nc4 b5 25. Ne3 c4 26. a4 a6 27. axb5 axb5 28. Ra1 Bc5 29. Ra6 Nb4 30. b3 Nxa6 0-1

[Event "*** Titled Tuesday Blitz"]
[Site "Chess.com"]
[Date "2020.11.24"]
[Round "3"]
[White "SchmakAttack"]
[Black "barbara25"]
[Result "1-0"]
[WhiteElo "2507"]
[BlackElo "2254"]
[TimeControl "180+1"]
[EndTime "10:42:14 PST"]
[Termination "SchmakAttack won by resignation"]

1. e4 c5 2. Nf3 d6 3. d4 cxd4 4. Nxd4 Nf6 5. Nc3 a6 6. Bg5 e6 7.
f4 Be7 8. Qf3 Nc6 9. O-O-O O-O 10. e5 Nd5 11. Bxe7 Qxe7 12. Nxd5 exd5 13. exd6 Qxd6 14.
g3 Nxd4 15. Rxd4 Be6 16. Bg2 Rac8 17. Rhd1 Qc5 18. Qb3 Rfd8 19. R1d2 b5 20. Bxd5 Bf5 21. Bxf7+ 1-0

[Event "*** Titled Tuesday Blitz"]
[Site "Chess.com"]
[Date "2020.11.24"]
[Round "3"]
[White "Mikasinski"]
[Black "WiktoriaPOL"]
[Result "1-0"]
[WhiteElo "2327"]
[BlackElo "2064"]
[TimeControl "180+1"]
[EndTime "10:42:15 PST"]
[Termination "Mikasinski won by resignation"]

1. e4 c5 2. Nf3 g6 3. d4 cxd4 4.
Nxd4 Nc6 5. Nc3 Bg7 6. Be3 Nf6 7. Bc4 Qa5 8. O-O O-O 9. Nb3 Qc7 10. f4 d6 11. Be2 Be6 12. g4 Na5 13. e5 dxe5 14. Nb5 Qd8 15. Qxd8 Rfxd8 16. Nxa5 Bxg4 17.
Bxg4 Nxg4 18. Bxa7 b6 19. Bxb6 Rdb8 20. Nc4 exf4 21. Rxf4 Ne5 22. Nxe5 Bxe5 23. Re4 Bf6 24. Nc7 Rxb6 25. Nxa8 Bxb2 26. Nxb6 Bxa1 27. a4 1-0